 Dungeon Crawl Stone Soup version 0.29.1-2-gbd0b4ee654 (webtiles) character file.

Game seed: 2525198384775157521

248 Icepheonix32 the Trooper (level 5, -11/48 HPs)
             Began as a Minotaur Fighter on Nov 2, 2022.
             Mangled by an orc warrior
             ... wielding a +0 scimitar
              (13 damage)
             ... on level 4 of the Dungeon.
             The game lasted 00:03:51 (2841 turns).

Icepheonix32 the Trooper (Minotaur Fighter)         Turns: 2841, Time: 00:03:52

Health: -11/48     AC: 18    Str: 21    XL:     5   Next: 86%
Magic:  4/4        EV: 10    Int:  7    God:
Gold:   237        SH:  6    Dex: 21    Spells: 4/4 levels left

rFire   . . .      SeeInvis .   a - +0 war axe (protect)
rCold   . . .      Faith    .   c - +0 buckler
rNeg    . . .      Spirit   .   b - +0 scale mail
rPois   .          Reflect  .   (helmet restricted)
rElec   .          Harm     .   j - +0 cloak
rCorr   .          Rampage  .   p - +0 pair of gloves
Will    .....                   h - +1 pair of boots
Stlth   ..........              (no amulet)
HPRegen 0.16/turn               f - +6 ring of dexterity
MPRegen 0.09/turn               v - +6 ring of dexterity

@: mighty, under a protective aura
A: horns 2, retaliatory headbutt
a: no special abilities


You were on level 4 of the Dungeon.
You visited 2 branches of the dungeon, and saw 5 of its levels.

You collected 237 gold pieces.

Inventory:

Hand Weapons
 a - a +0 war axe of protection (weapon)
 A - a +0 whip of pain
Missiles
 t - 4 boomerangs (quivered)
 w - 5 curare-tipped darts
Armour
 b - a +0 scale mail (worn)
 c - a +0 buckler (worn)
 h - a +1 pair of boots (worn)
 j - a +0 cloak (worn)
 p - a +0 pair of gloves (worn)
 y - a +0 kite shield
Jewellery
 f - a +6 ring of dexterity (left hand)
 l - a +6 ring of intelligence
 v - a +6 ring of dexterity (right hand)
Wands
 r - a wand of light (8)
Scrolls
 e - 2 scrolls of fear
 g - 2 scrolls of magic mapping
 n - 2 scrolls of identify {unknown}
 s - a scroll of poison
 x - 2 scrolls of enchant armour
 z - a scroll of enchant weapon {unknown}
Potions
 d - 3 potions of might
 i - 3 potions of attraction {unknown}
 k - a potion of resistance {unknown}
 m - 2 potions of flight {unknown}
 o - 3 potions of curing {unknown}
 q - a potion of heal wounds {unknown}
 u - a potion of mutation {unknown}


   Skills:
 * Level 5.3 Fighting
 + Level 4.5 Axes
 + Level 4.5 Armour
 * Level 2.1 Dodging
 + Level 4.2 Shields


You had 4 spell levels left.
You didn't know any spells.
Your spell library contained the following spells:

 Spells                   Type           Power      Damage    Failure   Level
 Summon Small Mammal      Summ           0%         N/A       85%         1
 Blink                    Tloc           0%         N/A       94%         2
 Static Discharge         Conj/Air       0%         3-3/arc   94%         2
 Call Canine Familiar     Summ           0%         N/A       99%         3
 Summon Guardian Golem    Hex/Summ       0%         N/A       99%         3
 Lightning Bolt           Conj/Air       0%         1d11      100%        5
 Manifold Assault         Tloc           0%         N/A       100%        5
 Storm Form               Tmut/Air       0%         N/A       100%        7
 Maxwell's Capacitive Co  Air            0%         ∞         100%        8


Dungeon Overview and Level Annotations

Branches:
Dungeon (4/15)             Temple (1/1) D:4

Altars:
Ashenzari
Cheibriados
Dithmenos
Elyvilon
Fedhas
Hepliaklqana
Makhleb
Nemelex Xobeh
Qazlal
Sif Muna
Uskayaw
Vehumet
Wu Jian
The Shining One

Shops:
D:3 [


Innate Abilities, Weirdness & Mutations

You have a pair of horns on your head.
You reflexively headbutt those who attack you in melee.


Message History

You see here a +0 flail.
An orc warrior and an orc come into view.
The orc warrior shouts!
An orc priest comes into view. It is wielding a +0 flail.
The orc priest shouts!
The orc priest looks braver for a moment.
You barely miss the orc warrior. You hit the orc.
Your weapon exudes an aura of protection.
The orc warrior closely misses you. You block the orc's attack.
You slash the orc!
You kill the orc!
You barely miss the orc warrior. You block the orc warrior's attack.
The orc warrior hits you with a +0 scimitar!
The orc priest mumbles some strange prayers to Beogh against you.
You barely resist. You closely miss the orc warrior. You hit the orc priest.
The orc priest hits you but does no damage.
The orc warrior hits you with a +0 scimitar!
You hit the orc priest. You headbutt the orc priest.
The orc priest is severely wounded.
You hit the orc warrior but do no damage.
The orc warrior hits you with a +0 scimitar!
The orc priest invokes the aid of Beogh against you.
Beogh smites you!
* * * LOW HITPOINT WARNING * * *
You are too injured to fight recklessly!
You are too injured to fight recklessly!
You are too injured to fight recklessly!
You feel very mighty all of a sudden. The orc priest barely misses you.
You slash the orc priest!
You kill the orc priest!
The orc warrior closely misses you.
You closely miss the orc warrior.
The orc warrior hits you with a +0 scimitar.
* * * LOW HITPOINT WARNING * * *
You hit the orc warrior.
The orc warrior is lightly wounded.
The orc warrior hits you with a +0 scimitar!
You die...

####### .......
#####)......
#..@o.......
#.##########
#.# #.
###.###########
#.#
#..........)..#
#.#
#.#.#########.#
##.# #.#...#
#.# ..#
#.#.#########.#
#.#
#.#...........#


You could see an orc warrior.

Vanquished Creatures
  An orc priest (D:4)
  Jessica (D:2)
  An orc wizard (D:3)
  4 adders
  A gnoll (D:1)
  A worm (D:2)
  4 dart slugs
  4 orcs
  6 ball pythons
  17 endoplasms
  4 giant cockroaches
  8 goblins
  9 hobgoblins
  7 jackals
  7 quokkas
  8 bats
  5 frilled lizards
  6 kobolds
  6 rats
100 creatures vanquished.

Vanquished Creatures (others)
  4 plants (D:2)
4 creatures vanquished.

Grand Total: 104 creatures vanquished

Notes
Turn   | Place    | Note
-------+----------+-------------------------------------------
     0 | D:1      | Icepheonix32 the Minotaur Fighter began the quest for the
                  | Orb.
     0 | D:1      | Reached XP level 1. HP: 19/19 MP: 0/0
   151 | D:1      | Reached XP level 2. HP: 26/27 MP: 1/1
   266 | D:1      | Reached skill level 4 in Fighting
   538 | D:1      | Reached XP level 3. HP: 32/33 MP: 2/2
   738 | D:1      | Found a faded altar of an unknown god.
  1257 | D:2      | Noticed Jessica
  1269 | D:2      | Killed Jessica
  1270 | D:2      | Reached XP level 4. HP: 41/41 MP: 3/3
  1945 | D:3      | Found Rocyjauphe's Antique Armour Emporium.
  1973 | D:3      | Reached skill level 5 in Fighting
  2066 | D:3      | Reached XP level 5. HP: 48/48 MP: 4/4
  2146 | D:3      | Reached skill level 1 in Dodging
  2198 | D:3      | Found an ornate altar of the Wu Jian Council.
  2215 | D:3      | Found a shadowy altar of Dithmenos.
  2487 | D:4      | Found a staircase to the Ecumenical Temple.
  2536 | Temple   | Entered the Ecumenical Temple
  2536 | Temple   | Found a transporter.
  2536 | Temple   | Found a transporter.
  2538 | Temple   | Found a transporter.
  2538 | Temple   | Found a transporter.
  2666 | D:4      | Found a shimmering blue altar of Sif Muna.
  2829 | D:4      | Noticed an orc warrior
  2840 | D:4      | HP: 2/48 [orc warrior/+0 scimitar (3)]
  2841 | D:4      | Mangled by an orc warrior

Illustrated notes

Levels and vault maps discovered:
D:1:      giann_horns, layout_loops_corners, basic_ecumenical_altar
D:2:      cheibrodos_old_hovel, layout_loops_ring,
          nicolae_concentric_dashed_squares_wild, minmay_pentomino_u2,
          uniq_jessica
D:3:      layout_rooms, mainiacjoe_overflow_swirl, serial_shops, shop,
          grunt_decor_one_mirror
D:4:      layout_basic, mainiacjoe_overflow_paths, doesnt_xom_only_xom,
          minmay_temple_entry_grid, kennysheep_generic_room_16
Temple:   hellmonk_temple_divided_pantheon

Skill      XL: |  1  2  3  4  5 |
---------------+----------------+-----
Fighting       | 4 5 |  5.3
Axes           | 3 4 |  4.5
Shields        | 4 |  4.2
Armour         | 4 |  4.5
Dodging        | 2 |  2.1

Action                   |  1- 3 |  4- 6 || total
-------------------------+-------+-------++-------
Melee: War axe           |    63 |    96 ||   159
       Headbutt          |     5 |    17 ||    22
  Use: Scroll            |       |     8 ||     8
       Potion            |       |     1 ||     1
Armor: Scale mail        |    46 |    41 ||    87
Dodge: Dodged            |    34 |    52 ||    86
Block: Buckler           |    17 |    21 ||    38
